[Event "Live Chess"]
[Site "Chess.com"]
[Date "2023.05.21"]
[Round "-"]
[White "Conradical12"]
[Black "bedsdrout"]
[Result "1-0"]
[WhiteElo "1522"]
[BlackElo "1876"]
[TimeControl "300"]
[EndTime "8:52:54 PDT"]
[Termination "Conradical12 won on time"]

1. e4 e6 2. Nf3 d5 3. exd5 Nf6 4.
dxe6 Bxe6 5. Nc3 Nc6 6. Bd3 Nb4 7. O-O Nxd3 8. cxd3 Qd6 9. Qc2 Ng4 10. g3 c6 11. Ne4 Qd7 12. Nc5 Qd6 13. Nxb7 Qc7 14.
Nc5 Bxc5 15. Qxc5 Qb6 16. Qxb6 axb6 17. Nd4 Ne5 18. f4 Nxd3 19. Nxc6 Rxa2 20. Rxa2 Bxa2 21. b4 Bd5 22. b5 Kd7 23. Ne5+ Nxe5 24. fxe5 Rc8 25.
Bb2 Rc2 26. Bc3 Ke6 27. Ra1 Bc4 28. Ra6 Kd5 29. Rxb6 h5 30. Rd6+ Kc5 31. Rc6+ Kxb5 32. Rc7 Be6 33. Rb7+ Kc6 34. Rb4 g6 35. Rh4 Bg4 36. h3 Be6 37. Kf2 Ra2 38. Ke3 Ra3 39.
Kf4 Kd5 40. g4 Ra4+ 41. Kg5 hxg4 42. hxg4 Rc4 43. Ba1 Bd7 44. Kf6 Ra4 45. Bc3 Rf4+ 46. Ke7 g5 47. Rh7 Bxg4 48. Rxf7 Rxf7+ 49. Kxf7 Be6+ 50.
Kg6 g4 51. Kf6 g3 52. Ba5 g2 53. Bb6 Bh3 54. Bg1 Be6 55. d4 Bg4 56. Kg5 Bd1 57.
Kf4 Bc2 58. Kg5 Be4 59. Kf6 Kc6 60. e6 Kd6 61. e7 Bc6 62. Kf7 Ba4 63. e8=Q Bxe8+ 64. Kxe8 Kd5 65. Kf8 1-0

[Event "Live Chess"]
[Site "Chess.com"]
[Date "2023.05.21"]
[Round "-"]
[White "SavagePawn7"]
[Black "JoshMcK"]
[Result "1-0"]
[WhiteElo "791"]
[BlackElo "1559"]
[TimeControl "300"]
[EndTime "8:53:07 PDT"]
[Termination "SavagePawn7 won by resignation"]

1. e4 c6 2. d4 d5 3. Nc3 dxe4 4. Bc4 Nf6 5. f3 exf3 6. Nxf3 Bg4 7. Ne5 Be6 8. Bxe6 fxe6 9. O-O Nbd7 10. Nxd7 Qxd7 11.
Qe1 Qxd4+ 12. Be3 Qb4 13. Nd5 Qxe1 14. Nc7+ Kd7 15. Rfxe1 Kxc7 16. Bf4+ Kc8 17. Rad1 Nd5 18. Bg3 g6 19. Rxe6 Bg7 20. c4 Nb6 21. Rxe7 Nxc4 22. Rxg7 Ne3 23. Rdd7 Nd5 24. Rxh7 Rg8 25. Rdg7 Re8 26.
Rxg6 Ne3 27. Rhg7 Nf5 28. Rg8 Kd8 29. Rxe8+ Kxe8 30. Rg8+ Kf7 31. Rxa8 Nxg3 32. hxg3 1-0

[Event "Live Chess"]
[Site "Chess.com"]
[Date "2023.05.21"]
[Round "-"]
[White "zdanevych"]
[Black "educatedlad"]
[Result "0-1"]
[WhiteElo "1470"]
[BlackElo "1619"]
[TimeControl "300"]
[EndTime "8:53:08 PDT"]
[Termination "educatedlad won on time"]

1. d4 f6 2. c4 a6 3. Nc3 e6 4. a3 Bd6 5. e4 e5 6. dxe5 Bxe5 7.
Nf3 Nc6 8. Nxe5 Nxe5 9. Bf4 Ne7 10. Nd5 Nxd5 11. cxd5 O-O 12. Be2 d6 13. O-O Qe8 14.
h3 Qg6 15. Kh2 Qxe4 16. Be3 f5 17. Qb3 b5 18. Rad1 f4 19. Rd4 Qf5 20. Rxf4 Qg6 21. Rxf8+ Kxf8 22. Rc1 Bf5 23. Rxc7 Rc8 24. Qc3 Rxc7 25.
Qxc7 Be4 26. Qc8+ Ke7 27. Qe6+ Qxe6 28. dxe6 Kxe6 29. a4 bxa4 30. Bxa6 Bd3 31. Bc8+ Kf6 32. Bd4 Bf5 33. Bb7 Ke7 34. Ba6 Nd3 35. Bb5 Nc5 36.
Bxg7 Kf7 37. Bc3 Bd3 38. Bc6 Ke6 39. Be8 h6 40. Bg7 Ne4 41. Bxh6 Nxf2 42. Be3 Nd1 43.
Bd2 Nf2 44. Bxa4 Ne4 45. Bb4 Nc5 46. Be8 Nb3 47. Ba4 Nc5 48. Bxc5 dxc5 49. Bb3+ c4 50.
Ba4 Ke5 51. Kg3 Kd4 52. Kf4 Bf1 53. g3 Bxh3 54. g4 Kc5 55. g5 Kb4 56. Bd1 Be6 57.
g6 Kc5 58. g7 Kb5 59. Kg5 Bd5 60. Kf6 Ka5 61. Ke7 Kb5 62. Kf8 Kb6 63. g8=Q Bxg8 0-1

[Event "Live Chess"]
[Site "Chess.com"]
[Date "2023.05.21"]
[Round "-"]
[White "lHolyDiverl"]
[Black "luckywookie"]
[Result "0-1"]
[WhiteElo "552"]
[BlackElo "826"]
[TimeControl "300"]
[EndTime "8:53:20 PDT"]
[Termination "luckywookie won on time"]

1. d4 c6 2. Nc3 d5 3. Bf4 e6 4.
Nf3 Nd7 5. Ne5 Nxe5 6. Bxe5 f6 7. Bg3 Bd6 8. Qd3 e5 9. dxe5 Bxe5 10. Bxe5 fxe5 11. e4 d4 12. Ne2 Qa5+ 13. c3 c5 14. Qg3 Qc7 15. cxd4 cxd4 16. Nxd4 Qa5+ 17. Qc3 Qxc3+ 18.
bxc3 exd4 19. cxd4 Nf6 20. O-O-O Nxe4 21. Bb5+ Bd7 22.
Bxd7+ Kxd7 23. Rhf1 Rac8+ 24. Kb2 Nc3 25. Rde1 Na4+ 26.
Ka1 Rhe8 27. Rb1 Rc2 28. Rxb7+ Kc6 29. Rxa7 Kb5 30. d5 Ree2 31. Rb7+ Nb6 32. Ra7 Na4 33. Rb7+ Nb6 34. Ra7 Nxd5 35. Rb7+ Nb6 0-1

[Event "Live Chess"]
[Site "Chess.com"]
[Date "2023.05.21"]
[Round "-"]
[White "yeetpizza74"]
[Black "friarnator"]
[Result "0-1"]
[WhiteElo "497"]
[BlackElo "2034"]
[TimeControl "300"]
[EndTime "8:53:23 PDT"]
[Termination "friarnator won by checkmate"]

1. e4 Nf6 2. Nc3 d5 3. d3 dxe4 4. dxe4 Qxd1+ 5. Kxd1 c6 6. f4 Bg4+ 7. Be2 Nbd7 8. e5 Bxe2+ 9. Ngxe2 Nd5 10. Nxd5 cxd5 11.
Nd4 e6 12. f5 Nxe5 13. fxe6 Bc5 14. exf7+ Kxf7 15. Nf5 Rhf8 16. Be3 Bxe3 17. Nxe3 Kg8 18.
Rf1 d4 19. Rxf8+ Rxf8 20. Nd5 Rf1+ 21. Kd2 Rxa1 22. Ne7+ Kf7 23. Nc8 Rxa2 24. Nd6+ Ke6 25. Nxb7 Rxb2 26. Nc5+ Kd5 27. Na4 Ra2 28. Nc3+ dxc3+ 29. Kxc3 Ra6 30. Kb3 Rc6 31. h3 Rc4 32. g4 a5 33. g5 a4+ 34. Kb2 g6 35. h4 Rxh4 36.
Ka3 Rc4 37. c3 Rxc3+ 38. Kxa4 Kc5 39. Ka5 Ra3# 0-1

[Event "Live Chess"]
[Site "Chess.com"]
[Date "2023.05.21"]
[Round "-"]
[White "CeladonFish"]
[Black "1600x"]
[Result "0-1"]
[WhiteElo "1137"]
[BlackElo "1936"]
[TimeControl "300"]
[EndTime "8:53:33 PDT"]
[Termination "1600x won by resignation"]

1. d4 e5 2. dxe5 d6 3. exd6 Qxd6 4. Qxd6 cxd6 5. Nc3 Nc6 6. Bf4 Nf6 7. e3 Be7 8. Bb5 a6 9. Bxc6+ bxc6 10. Nf3 O-O 11. O-O Bf5 12. Nd4 Bd7 13. Rfd1 Rfd8 14. Nb3 Bg4 15. f3 Be6 16. Nd4 Rac8 17. Nxe6 fxe6 18. Rd2 Nd5 19. Nxd5 cxd5 20. Rad1 g6 21. e4 dxe4 22. Bxd6 e3 23. Rd3 e2 24. Re1 Rxc2 25. Ba3 Rxd3 0-1

[Event "Live Chess"]
[Site "Chess.com"]
[Date "2023.05.21"]
[Round "-"]
[White "OleksiyJr1"]
[Black "ConorMaclaud"]
[Result "0-1"]
[WhiteElo "1043"]
[BlackElo "2117"]
[TimeControl "300"]
[EndTime "8:53:34 PDT"]
[Termination "ConorMaclaud won by resignation"]

1. e4 c6 2. e5 d5 3. d4 Bf5 4. Nf3 e6 5. Nc3 Ne7 6. Bd3 Bxd3 7. Qxd3 Nd7 8. O-O Nf5 9. Bg5 Qb6 10. b3 h6 11. Bf4 g5 12. Bd2 g4 13. Ne1 Qxd4 14. Qxd4 Nxd4 15. f3 gxf3 16. Nxf3 Nxf3+ 17. Rxf3 Nxe5 0-1

[Event "Live Chess"]
[Site "Chess.com"]
[Date "2023.05.21"]
[Round "-"]
[White "SupremeTactician"]
[Black "JohanKjeldahl"]
[Result "0-1"]
[WhiteElo "2142"]
[BlackElo "1891"]
[TimeControl "300"]
[EndTime "8:53:48 PDT"]
[Termination "JohanKjeldahl won by resignation"]

1. e4 c5 2. Nf3 Nc6 3. d4 cxd4 4. Nxd4 Nf6 5. Nc3 e5 6. Ndb5 d6 7. Bg5 Be7 8. Bxf6 gxf6 9. Nd5 O-O 10. Bd3 a6 11. Na3 b5 12. c4 bxc4 13. Nxc4 Nd4 14.
O-O Rb8 15. b3 Be6 16. Rc1 Bxd5 17. exd5 Qd7 18. f4 Kh8 19. fxe5 fxe5 20. Qh5 f5 21. g4 e4 22. Bb1 Ne2+ 23. Kh1 Nxc1 24. gxf5 Nd3 25. Bxd3 exd3 26. Rf3 Rb5 27. Rh3 Bf6 28.
Nxd6 Rxd5 0-1

[Event "Live Chess"]
[Site "Chess.com"]
[Date "2023.05.21"]
[Round "-"]
[White "Ferrarifan27"]
[Black "Biranidun"]
[Result "0-1"]
[WhiteElo "2046"]
[BlackElo "2523"]
[TimeControl "300"]
[EndTime "8:53:57 PDT"]
[Termination "Biranidun won by checkmate"]

1. e4 c5 2. Nf3 d6 3. d4 cxd4 4. Nxd4 Nf6 5. Nc3 g6 6. Be3 Bg7 7. f3 O-O 8. Qd2 Nc6 9. O-O-O d5 10. Nxc6 bxc6 11. exd5 Nxd5 12. Nxd5 cxd5 13. Qxd5 Qc7 14. Qc5 Qb7 15. b3 Bf5 16. Bd3 Rac8 17. Qb5 Qxb5 18.
Bxb5 Rxc2+ 19. Kb1 Rb2+ 20. Kc1 Rc8+ 21. Bc4 Rc2+ 22.
Kb1 R2xc4+ 23. Rd3 Bxd3# 0-1

[Event "Live Chess"]
[Site "Chess.com"]
[Date "2023.05.21"]
[Round "-"]
[White "ranvir123"]
[Black "slava_ukr"]
[Result "0-1"]
[WhiteElo "985"]
[BlackElo "2347"]
[TimeControl "300"]
[EndTime "8:53:58 PDT"]
[Termination "slava_ukr won by resignation"]

1. e4 e5 2. Nf3 Nc6 3. Bb5 a6 4. Ba4 Nf6 5. Nc3 b5 6. Bb3 d6 7.
O-O Na5 8. Bd5 c6 9. Bb3 Nxb3 10. axb3 Be7 11. d4 Qc7 12. dxe5 dxe5 13. Bg5 O-O 14. Qd3 Nh5 15. Bxe7 Qxe7 16. Rfd1 Nf4 17. Qd6 Qxd6 18. Rxd6 f6 19. Rxc6 Bb7 20. Rc7 Rf7 21.
Rxf7 Kxf7 22. Rd1 Ke7 23. Nd5+ Bxd5 24. exd5 Rc8 25. c3 g6 26. g3 Nh5 27. d6+ Kd7 28.
h4 Rc6 29. c4 Rxd6 30. Rxd6+ Kxd6 31. cxb5 axb5 32. Kg2 Kd5 33. Nd2 f5 34. Kf3 Nf6 35. g4 Nxg4 36. Kg3 Nf6 37. Kf3 Kd4 38. Ke2 e4 39. f3 h6 40. Nf1 exf3+ 41. Kxf3 g5 42.
h5 Nxh5 43. Nd2 g4+ 44. Kf2 f4 0-1

[Event "Live Chess"]
[Site "Chess.com"]
[Date "2023.05.21"]
[Round "-"]
[White "LiamClery2020"]
[Black "garyjc"]
[Result "1-0"]
[WhiteElo "1996"]
[BlackElo "1079"]
[TimeControl "300"]
[EndTime "8:54:03 PDT"]
[Termination "LiamClery2020 won by checkmate"]

1. e4 c5 2. Nf3 a6 3. c3 b5 4. d4 cxd4 5. cxd4 Bb7 6. Bd3 e6 7.
Nc3 Bd6 8. e5 Bc7 9. Be4 Bxe4 10. Nxe4 Ne7 11. Qd3 O-O 12. Nfg5 Nd5 13. Nxh7 Kxh7 14.
Nf6+ Kh8 15. Qh7# 1-0

[Event "Live Chess"]
[Site "Chess.com"]
[Date "2023.05.21"]
[Round "-"]
[White "whatnot126"]
[Black "davigator"]
[Result "0-1"]
[WhiteElo "2068"]
[BlackElo "2306"]
[TimeControl "300"]
[EndTime "8:54:20 PDT"]
[Termination "davigator won by checkmate"]

1. e4 c5 2. c3 d5 3. exd5 Qxd5 4. d4 Nc6 5. Nf3 Nf6 6. Na3 cxd4 7. Nb5 Qd8 8.
Nbxd4 Nxd4 9. Nxd4 a6 10. a4 e6 11. Bd3 Bc5 12. Be3 Qe7 13. O-O O-O 14. Bg5 h6 15.
Bh4 Rd8 16. Bc2 Bxd4 17. cxd4 Bd7 18. Qd3 Bc6 19. Rad1 Rac8 20. Rfe1 g5 21. Bg3 Bd5 22. Be5 Bc4 23. Qh3 Kg7 24. Bd3 Bxd3 25. Rxd3 Kg6 26. Rf3 Ng8 27. g4 f6 28. Qh5+ Kg7 29. Bg3 Rxd4 30.
Rfe3 Rc6 31. h4 Rxa4 32. hxg5 hxg5 33. Kg2 e5 34. Rh1 Kf8 35. Rb3 b5 36. Qg6 Qf7 37.
Qd3 Rd4 38. Qe3 Qd5+ 39. f3 Rd2+ 40. Kf1 Rc1+ 41. Be1 Rdd1 42. Kf2 Rc2+ 43. Kf1 Qc4+ 44. Kg1 Re2 45. Qc3 Qxc3 46. Rxc3 Rdxe1# 0-1

[Event "Live Chess"]
[Site "Chess.com"]
[Date "2023.05.21"]
[Round "-"]
[White "UshkoTheBear"]
[Black "whitedjohn"]
[Result "1-0"]
[WhiteElo "2332"]
[BlackElo "1676"]
[TimeControl "300"]
[EndTime "8:54:21 PDT"]
[Termination "UshkoTheBear won by resignation"]

1. d4 Nf6 2. Nc3 d5 3. Bf4 c6 4. e3 g6 5. Nf3 Bg4 6. Qd2 Bxf3 7. gxf3 Bg7 8. h4 Nbd7 9. O-O-O Qa5 10. Kb1 O-O 11. h5 Nxh5 12. Rxh5 gxh5 13. Bd3 Nf6 14. Be5 b5 15. Rh1 b4 16. Ne2 c5 17. dxc5 Qxc5 18.
Nf4 Qc6 19. Qe2 a5 20. Qf1 Rac8 21. Qh3 h6 22. Rg1 Kh8 23. Qf5 Qd7 24. Bxf6 Qxf5 25. Bxg7+ Kg8 26. Bxf5 Rfd8 27. Nxh5 Rc6 28. Nf6+ exf6 29.
Bxf6+ Kf8 30. Bxd8 1-0

[Event "Live Chess"]
[Site "Chess.com"]
[Date "2023.05.21"]
[Round "-"]
[White "Misha145Chess"]
[Black "Dhaydon19"]
[Result "0-1"]
[WhiteElo "620"]
[BlackElo "2692"]
[TimeControl "300"]
[EndTime "8:54:21 PDT"]
[Termination "Dhaydon19 won by resignation"]

1. e4 c6 2. d4 d5 3. Nc3 dxe4 4. Nxe4 Nf6 5. Ng5 h6 6. N5h3 Bxh3 7. gxh3 e6 8. c4 Bb4+ 9. Bd2 Bxd2+ 10. Qxd2 Nbd7 11.
O-O-O Qc7 12. d5 cxd5 0-1

[Event "Live Chess"]
[Site "Chess.com"]
[Date "2023.05.21"]
[Round "-"]
[White "EdenHazard8"]
[Black "onemoretime1975"]
[Result "0-1"]
[WhiteElo "1939"]
[BlackElo "1850"]
[TimeControl "300"]
[EndTime "8:54:24 PDT"]
[Termination "onemoretime1975 won by resignation"]

1. e4 e6 2. d4 d5 3. Nd2 Nf6 4. e5 Nfd7 5. Bd3 c5 6. c3 Nc6 7. Ngf3 b6 8. O-O Bb7 9. a4 a6 10. Re1 Be7 11. Nf1 h6 12. Ng3 cxd4 13. cxd4 Bb4 14.
Bd2 Bxd2 15. Qxd2 Rc8 16. Bb1 Na5 17. Nh5 g6 18. Nf6+ Nxf6 19. exf6 Qxf6 20. Ne5 Nc4 21. Qe3 Nxe3 22. Rxe3 Rc1+ 0-1

[Event "Live Chess"]
[Site "Chess.com"]
[Date "2023.05.21"]
[Round "-"]
[White "PiotrD11"]
[Black "WilliamofOrange16th"]
[Result "0-1"]
[WhiteElo "1374"]
[BlackElo "1846"]
[TimeControl "300"]
[EndTime "8:54:25 PDT"]
[Termination "WilliamofOrange16th won by resignation"]

1. e4 d6 2. d4 Nf6 3. Nc3 Nbd7 4. Nf3 e5 5. d5 c6 6. Bc4 Be7 7. O-O O-O 8. dxc6 bxc6 9. Bg5 Nc5 10. Bxf6 Bxf6 11. b4 Ne6 12. Bb3 Nf4 13. g3 Nh3+ 14.
Kg2 Ng5 15. Kg1 Bg4 16. Nxg5 Bxd1 17. Nxf7 Rxf7 18. Raxd1 Kf8 19. f4 Re7 20. b5 cxb5 21. Nd5 a5 22. fxe5 Rxe5 23. Nxf6 gxf6 24. Bd5 Rc8 25.
Rd2 Qb6+ 26. Kh1 Ke7 27. Rdf2 Rf8 28. g4 Qd4 29. g5 f5 30. Bb7 f4 31. Rxf4 Rxf4 32.
Rxf4 Rxg5 33. Rf1 Qd2 34. e5 d5 35. Bxd5 Qxd5+ 0-1

[Event "Live Chess"]
[Site "Chess.com"]
[Date "2023.05.21"]
[Round "-"]
[White "jagbama"]
[Black "Ian-Morley"]
[Result "0-1"]
[WhiteElo "1189"]
[BlackElo "1106"]
[TimeControl "300"]
[EndTime "8:54:33 PDT"]
[Termination "Ian-Morley won by checkmate"]

1. e4 e5 2. Nf3 Nc6 3. Nc3 d5 4.
Bb5 a6 5. Bxc6+ bxc6 6. exd5 cxd5 7. Nxe5 d4 8. Ne2 f6 9. Nd3 Bg4 10. O-O Bxe2 11. Qxe2+ Be7 12. Nb4 Qd7 13. d3 O-O-O 14.
Nxa6 Qb5 15. Nxc7 Kxc7 16. Qxe7+ Qd7 17. Qxd7+ Rxd7 18. Bf4+ Kc6 19. a4 Ne7 20. a5 Nd5 21. Bg3 Ra8 22. c4 Nb4 23. b3 Nc2 24. Ra4 Rb7 25. Rc1 Nb4 26. Re1 Na6 27. Re6+ Kd7 28. Rd6+ Ke7 29. Rxd4 Rxb3 30. Bd6+ Kf7 31. c5 Rb1# 0-1

[Event "Live Chess"]
[Site "Chess.com"]
[Date "2023.05.21"]
[Round "-"]
[White "defenderalist"]
[Black "Long1968"]
[Result "1-0"]
[WhiteElo "1627"]
[BlackElo "981"]
[TimeControl "300"]
[EndTime "8:54:43 PDT"]
[Termination "defenderalist won on time"]

1. e4 e6 2. Nf3 d5 3. exd5 exd5 4. d4 c6 5. Be2 Be7 6. O-O Nf6 7. h3 O-O 8. c3 Be6 9. Bg5 Nbd7 10. Nbd2 Re8 11. Bh4 Nf8 12. Ne5 Ng6 13. f4 Ne4 14. Bxe7 Qxe7 15. f5 Nxe5 16. fxe6 Nxd2 17. exf7+ Nxf7 18. Qxd2 Qxe2 19. Qf4 Qe3+ 20. Rf2 Qxf4 21. Rxf4 Re2 22. Raf1 Re7 23. g4 Rae8 24. h4 Nd6 25. g5 Re1 26. Rxe1 Rxe1+ 27. Kf2 Re4 28. Rf3 Rxh4 29. b3 Rh2+ 30. Ke3 Rxa2 31. c4 dxc4 32. bxc4 Ra3+ 33.
Kf4 Rxf3+ 34. Kxf3 Nxc4 35. Ke4 b5 36. Kd3 Kf7 37. Kc3 Kg6 38. Kb4 Kxg5 39. Kc5 Kf4 40.
Kxc6 b4 41. Kb5 b3 42. d5 b2 43. Kxc4 b1=Q 44. Kc5 Qc2+ 45. Kd6 Qd3 46. Ke6 g5 47. d6 g4 48. d7 1-0

[Event "Live Chess"]
[Site "Chess.com"]
[Date "2023.05.21"]
[Round "-"]
[White "OleksiyJr1"]
[Black "Ra2orLeaf"]
[Result "0-1"]
[WhiteElo "1037"]
[BlackElo "1159"]
[TimeControl "300"]
[EndTime "8:54:49 PDT"]
[Termination "Ra2orLeaf won by resignation"]

1. e4 c5 2. Nf3 Nc6 3. d4 cxd4 4.
Nxd4 e5 5. Nxc6 bxc6 6. Nc3 Bb4 7.
Bc4 d6 8. Qf3 Qf6 9. Qxf6 Nxf6 10.
Bg5 Nxe4 11. Bd2 Nxd2 12. Kxd2 d5 13. a3 Bxc3+ 0-1

[Event "Live Chess"]
[Site "Chess.com"]
[Date "2023.05.21"]
[Round "-"]
[White "MarkLim1"]
[Black "jimwad"]
[Result "1-0"]
[WhiteElo "1711"]
[BlackElo "1221"]
[TimeControl "300"]
[EndTime "8:54:52 PDT"]
[Termination "MarkLim1 won by resignation"]

1. e4 e5 2. Bc4 Bc5 3. Nf3 Nc6 4. O-O Nf6 5. d3 h6 6. c3 O-O 7. Bb3 a6 8. Nbd2 d6 9. Re1 b5 10. Nf1 Bb6 11. d4 exd4 12. cxd4 Na5 13. Bc2 c5 14. d5 Nc4 15. b3 Ne5 16. Nxe5 dxe5 17. Kh1 Bb7 18. Qe2 Rc8 19. Bb2 Re8 20. Rad1 c4 21. bxc4 bxc4 22. Ne3 c3 23. Ba3 Bd4 24. Nf5 Qa5 25.
Bc1 Qxa2 26. Nxd4 exd4 27. Rxd4 Bxd5 28. e5 Nd7 29. f4 Be6 30. f5 Bb3 31. Bxb3 Qxb3 32.
Rxd7 a5 33. e6 fxe6 34. fxe6 Qa4 35. Qg4 g5 36. Qd4 Qxd4 37. Rxd4 Re7 38. Ra4 Rc5 39. g4 Kg7 40. Ba3 1-0

[Event "Live Chess"]
[Site "Chess.com"]
[Date "2023.05.21"]
[Round "-"]
[White "NotHarryV"]
[Black "seabuck"]
[Result "1-0"]
[WhiteElo "1516"]
[BlackElo "1894"]
[TimeControl "300"]
[EndTime "8:54:54 PDT"]
[Termination "NotHarryV won on time"]

1. d4 e6 2. c4 d5 3. Nf3 c5 4.
g3 Nc6 5. cxd5 exd5 6. Bg2 Nf6 7.
O-O Be7 8. dxc5 Bxc5 9. Qc2 Be7 10. Nc3 O-O 11. Bg5 Be6 12. Rad1 Nb4 13. Qb1 h6 14. Bxf6 Bxf6 15. a3 Nc6 16. e4 d4 17.
e5 Nxe5 18. Nxd4 Qb6 19. Nxe6 fxe6 20. Ne4 Nc4 21. Nxf6+ Rxf6 22. Qa2 Rc8 23. b3 Ne5 24. b4 Rc3 25. Rde1 Qd4 26. Bxb7 Nf3+ 27. Bxf3 Rcxf3 28.
b5 Kh7 29. a4 e5 30. a5 e4 31. Qb1 g6 32. Qxe4 Qc5 33. Qb7+ Rf7 34. Qc6 Qb4 35. b6 Rxf2 36. b7 1-0

[Event "Live Chess"]
[Site "Chess.com"]
[Date "2023.05.21"]
[Round "-"]
[White "FlyingChessKestrel13"]
[Black "Rusty_Bridges"]
[Result "1-0"]
[WhiteElo "2084"]
[BlackElo "1527"]
[TimeControl "300"]
[EndTime "8:55:02 PDT"]
[Termination "FlyingChessKestrel13 won by resignation"]

1. e4 d6 2. d4 Nf6 3. Nc3 Nbd7 4. Be3 h6 5. f3 e5 6. d5 Be7 7. Bd3 c6 8. Nge2 Qc7 9. O-O g5 10. Ng3 Nf8 11. dxc6 bxc6 12. Bc4 Ng6 13. Bb3 Nf4 14. Bxf4 gxf4 15. Nge2 Rg8 16. Kh1 Be6 17. Bxe6 fxe6 18. g3 fxg3 19. Nxg3 Bd8 20. f4 exf4 21. Rxf4 Qe7 22.
Qf3 Rb8 23. b3 Rg6 24. Rf1 Kf7 25. Nh5 Rb6 26. Nxf6 Rxf6 27. Rxf6+ Qxf6 28. Qh5+ 1-0

[Event "Live Chess"]
[Site "Chess.com"]
[Date "2023.05.21"]
[Round "-"]
[White "educatedlad"]
[Black "Conradical12"]
[Result "1-0"]
[WhiteElo "1625"]
[BlackElo "1516"]
[TimeControl "300"]
[EndTime "8:55:02 PDT"]
[Termination "educatedlad won by checkmate"]

1. e4 e5 2. Nc3 Nc6 3. Bc4 Nf6 4. d3 Bc5 5. f4 d6 6. Nf3 Ng4 7. Qe2 O-O 8. h3 Nd4 9. Nxd4 exd4 10. hxg4 dxc3 11.
bxc3 Qf6 12. d4 Bb6 13. Be3 Qe7 14. g5 Qxe4 15. Bd3 Qe7 16. Bxh7+ Kh8 17. Bd3+ Kg8 18. Qh5 Qxe3+ 19. Be2 f6 20. g6 Re8 21. Qh8# 1-0

[Event "Live Chess"]
[Site "Chess.com"]
[Date "2023.05.21"]
[Round "-"]
[White "stevochess11"]
[Black "GEMdzq"]
[Result "0-1"]
[WhiteElo "1658"]
[BlackElo "2221"]
[TimeControl "300"]
[EndTime "8:55:04 PDT"]
[Termination "GEMdzq won by resignation"]

1. d4 Nf6 2. Nf3 e6 3. e3 c5 4. Bd3 Nc6 5. O-O Be7 6. b3 O-O 7. Bb2 b6 8. c4 Bb7 9. Ne5 d6 10.
Nxc6 Bxc6 11. d5 exd5 12. cxd5 Bxd5 13. Bxf6 Bxf6 14. Qh5 g6 15. Qxd5 Bxa1 16. Nd2 Be5 17. Nc4 Qe7 18. f4 Bf6 19. g4 b5 20. Nxd6 Rad8 21. g5 Bg7 22. Qxc5 Qxd6 23. Qxb5 Qxd3 0-1

[Event "Live Chess"]
[Site "Chess.com"]
[Date "2023.05.21"]
[Round "-"]
[White "Bob2pen"]
[Black "Olisingapore"]
[Result "0-1"]
[WhiteElo "1877"]
[BlackElo "1811"]
[TimeControl "300"]
[EndTime "8:55:04 PDT"]
[Termination "Olisingapore won by resignation"]

1. c4 e5 2. g3 Nf6 3. Bg2 c6 4. Nc3 Bb4 5. Nf3 d5 6. Nxe5 d4 7. Nb1 O-O 8. O-O Qd6 9. Nd3 Re8 10. a3 Ba5 11. b4 Bc7 12. Bb2 Bg4 13. Nf4 g5 14. h3 gxf4 15. hxg4 fxg3 16. f3 Nxg4 17. fxg4 Qh6 18. Rf3 Qh2+ 19. Kf1 c5 20. bxc5 Nc6 21. Qc2 Rxe2 22. Rf2 Rxf2+ 0-1

[Event "Live Chess"]
[Site "Chess.com"]
[Date "2023.05.21"]
[Round "-"]
[White "matt1979"]
[Black "ProfPoisson"]
[Result "1/2-1/2"]
[WhiteElo "1528"]
[BlackElo "1214"]
[TimeControl "300"]
[EndTime "8:55:08 PDT"]
[Termination "Game drawn by agreement"]

1. f4 e6 2. Nf3 d5 3. e3 Nf6 4. b3 c5 5. Bb2 Be7 6. Ne5 O-O 7. Be2 Nbd7 8. O-O Nxe5 9. Bxe5 Bd6 10. Bb2 Qe7 11. d3 e5 12. e4 dxe4 13. dxe4 Nxe4 14.
Bd3 exf4 15. Re1 Bf5 16. Nd2 Qh4 17. Nxe4 f3 18. g3 Qh3 19. Qd2 Bxe4 20. Bxe4 Rad8 21. Bxf3 Bxg3 22. Qg2 Qxg2+ 23. Kxg2 Bxe1 24. Rxe1 Rd2+ 25. Re2 Rxe2+ 26. Bxe2 b6 27. Bd3 g6 28. Bc4 Rd8 29. Bd3 f5 30. Kf3 Kf7 31. Kf4 1/2-1/2

[Event "Live Chess"]
[Site "Chess.com"]
[Date "2023.05.21"]
[Round "-"]
[White "MarkLim1"]
[Black "educatedlad"]
[Result "1-0"]
[WhiteElo "1717"]
[BlackElo "1619"]
[TimeControl "300"]
[EndTime "8:55:51 PDT"]
[Termination "MarkLim1 won by resignation"]

1. e4 e6 2. d3 d5 3. Nd2 Nf6 4. Ngf3 c5 5. g3 Nc6 6. Bg2 Be7 7. O-O O-O 8. Re1 e5 9. exd5 Qxd5 10. Nxe5 Qd8 11. Nxc6 b6 12. Nxd8 1-0

[Event "Live Chess"]
[Site "Chess.com"]
[Date "2023.05.21"]
[Round "-"]
[White "f4nomore"]
[Black "wot-not"]
[Result "0-1"]
[WhiteElo "1374"]
[BlackElo "1539"]
[TimeControl "300"]
[EndTime "8:55:57 PDT"]
[Termination "wot-not won on time"]

1. d4 e6 2. Nf3 d5 3. c3 Nf6 4.
Bg5 Be7 5. Bxf6 Bxf6 6. e3 O-O 7. Bd3 c5 8. O-O c4 9. Bc2 Nd7 10. b3 b5 11. bxc4 bxc4 12. Na3 Re8 13. Rb1 Nf8 14.
Ba4 Bd7 15. Nb5 Ng6 16. Nd6 Bxa4 17. Qxa4 Qxd6 18. Rb7 e5 19. Rd7 Qe6 20. Rb1 Qg4 21. Rbb7 Rf8 22. h3 Qe4 23. Qd1 exd4 24. exd4 a5 25. Rb5 Nf4 26. Rdb7 a4 27. a3 Rfe8 28. Kh1 Nd3 29. Qf1 Be7 30. Nd2 Qe1 31. Qxe1 Nxe1 32.
Rxd5 Bxa3 33. Re5 Rxe5 34. dxe5 Nd3 35. Nxc4 Nxf2+ 36. Kh2 Bf8 37. Nd6 a3 38. Nxf7 a2 0-1

[Event "Live Chess"]
[Site "Chess.com"]
[Date "2023.05.21"]
[Round "-"]
[White "Mikhail_Golubev"]
[Black "hturner40"]
[Result "1-0"]
[WhiteElo "2421"]
[BlackElo "1786"]
[TimeControl "300"]
[EndTime "8:55:59 PDT"]
[Termination "Mikhail_Golubev won on time"]

1. e4 Nc6 2. Nf3 e5 3. Nc3 Nf6 4. a3 Bd6 5. g3 O-O 6. Bg2 Nd4 7. Nxd4 exd4 8. Ne2 Bc5 9. d3 d5 10. e5 Ng4 11. O-O Nxe5 12. Nf4 Bg4 13. f3 Be6 14. Nxe6 fxe6 15. f4 Nc6 16. Qg4 Rf6 17.
Bd2 Rg6 18. Qh5 Ne7 19. Rae1 Nf5 20. Rxe6 Rxe6 21. Qxf5 Rd6 22. Qg4 Qd7 23. f5 c6 24.
Bf4 Rf6 25. Be5 Rf7 26. Bh3 Re8 27. Qf4 Rxe5 28. Qxe5 Qe7 29. Qe6 Qxe6 30. fxe6 Rxf1+ 31. Kxf1 Kf8 32. Ke2 Ke7 33. Kf3 h5 34. Kf4 Kf6 35.
Kf3 g5 36. e7 Bxe7 37. Bc8 1-0

[Event "Live Chess"]
[Site "Chess.com"]
[Date "2023.05.21"]
[Round "-"]
[White "davigator"]
[Black "Misha145Chess"]
[Result "1-0"]
[WhiteElo "2306"]
[BlackElo "620"]
[TimeControl "300"]
[EndTime "8:56:02 PDT"]
[Termination "davigator won by resignation"]

1. d4 e5 2. dxe5 Bc5 3. Nf3 d6 4. e6 Bxe6 5. Nc3 d5 6. e3 Nf6 7. Bd3 Nc6 8. h3 d4 9. exd4 Bxd4 10. Nxd4 Nxd4 11. O-O O-O 12. Bf4 h6 13. Be5 Nh7 14. Bxd4 Qxd4 15. Bxh7+ 1-0

[Event "Live Chess"]
[Site "Chess.com"]
[Date "2023.05.21"]
[Round "-"]
[White "KeithArkell"]
[Black "LanceMaster23"]
[Result "1-0"]
[WhiteElo "2461"]
[BlackElo "1958"]
[TimeControl "300"]
[EndTime "8:56:08 PDT"]
[Termination "KeithArkell won on time"]

1. d4 Nf6 2. Nf3 d5 3. c4 c6 4. Nc3 dxc4 5. a4 Bf5 6. e3 Bg6 7. Bxc4 e6 8. O-O Be7 9. a5 O-O 10. Qb3 Qc7 11. Ne5 Nd5 12. Nxg6 hxg6 13. Bd2 Nd7 14. g3 N7f6 15. Rfc1 Nxc3 16. bxc3 b5 17.
axb6 axb6 18. Be2 Nd7 19. Bf3 Rab8 20. c4 c5 21. Bc3 Bf6 22. Ra4 Rfd8 23. Rca1 cxd4 24.
exd4 Qd6 25. Qa3 Qc7 26. Bb4 Rbc8 27. Bd6 Qxc4 28. Rxc4 Rxc4 29. Rd1 Rxd4 30. Rxd4 Bxd4 31. Qa7 Nf6 32. Qc7 Rd7 33. Qb8+ Kh7 34. Kg2 Nd5 35.
Bxd5 exd5 36. Bf4 Bc5 37. Qc8 Re7 38. Qc6 Re2 39. Qxd5 Rxf2+ 40. Kh3 f6 41. Qe4 Rb2 42. Bc1 Rb4 43. Qd3 Rd4 44. Qe2 Rd5 45. Kg2 Rh5 46.
h4 Rd5 47. Qf3 Re5 48. Bf4 Rf5 49. Qe4 1-0